 Dungeon Crawl Stone Soup version 0.31-a0-851-g7ff8af7976 (webtiles) character file.

Game seed: 9081731829581757975

707 BinkBink the Skirmisher (level 7, -10/43 HPs)
             Began as a Deep Elf Hunter on Oct 6, 2023.
             Was a Follower of Okawaru.
             Mangled by an iguana (11 damage)
             ... on level 5 of the Dungeon.
             The game lasted 00:07:26 (3232 turns).

BinkBink the Skirmisher (Deep Elf Hunter)           Turns: 3232, Time: 00:07:27

Health: -10/43     AC:  6    Str: 12    XL:     7   Next: 40%
Magic:  9/9        EV: 18    Int: 14    God:    Okawaru [*.....]
Gold:   304        SH:  0    Dex: 20    Spells: 6/6 levels left

rFire   . . .        a - +0 shortbow
rCold   . . .        (shield currently unavailable)
rNeg    . . .        v - +0 robe of the Soldier {Will+ Str+4}
rPois   .            h - +1 helmet
rElec   .            (no cloak)
rCorr   .            n - +0 pair of gloves
SInv    .            w - +0 pair of boots
Will    +....        c - amulet of faith
Stlth   ++           p - +5 ring of evasion
HPRegen 0.27/turn    (no ring)
MPRegen 0.11/turn

%: faith
@: no status effects
A: no striking features
a: Renounce Religion, Heroism


You were on level 5 of the Dungeon.
You worshipped Okawaru.
Okawaru was aware of your devotion.
You visited 2 branches of the dungeon, and saw 6 of its levels.

You collected 304 gold pieces.

Inventory:

Hand Weapons
 a - a +0 shortbow (weapon)
Armour
 h - a +1 helmet (worn)
 n - a +0 pair of gloves (worn)
 v - the +0 robe of the Soldier (worn) {Will+ Str+4}
   (You took it off a kobold on level 4 of the Dungeon)

   Str+4:     It affects your strength (+4).
   Will+:     It increases your willpower.
 w - a +0 pair of boots (worn)
Jewellery
 c - an amulet of faith (around neck)
 p - a +5 ring of evasion (left hand)
 z - the Hermit's Pendant {Faith Invo=14 Evo=0 MP+5}
   (You found it on level 5 of the Dungeon)

   [amulet of faith]

   Invo=14: It sets your Invocations skill to 14.
   Evo=0: It sets your Evocations skill to 0.
   Faith:     It allows you to gain divine favour quickly.
   MP+5:      It affects your magic capacity (+5).
Wands
 y - a wand of flame (19)
Scrolls
 b - a scroll of butterflies
 e - a scroll of fear {unknown}
 g - 2 scrolls of identify {unknown}
 i - a scroll of fog {unknown}
 j - 2 scrolls of amnesia {unknown}
 l - a scroll of teleportation {unknown}
 m - 3 scrolls of summoning {unknown}
 o - a scroll of acquirement {unknown}
 r - a scroll of enchant armour {unknown}
 u - a scroll of noise {unknown}
Potions
 d - a potion of heal wounds {unknown}
 f - 4 potions of curing {unknown}
 k - 2 potions of degeneration {unknown}
 q - a potion of enlightenment {unknown}
 s - 2 potions of mutation {unknown}
 t - a potion of brilliance {unknown}
 x - 2 potions of might {unknown}


   Skills:
 + Level 4.2 Fighting
 * Level 10.2 Ranged Weapons
 - Level 2.4 Dodging
 - Level 1.2 Stealth


You had 6 spell levels left.
You didn't know any spells.
Your spell library contained the following spells:

 Spells                   Type           Power      Damage    Failure   Level
 Necrotise                Necr           0%         1d4       28%         1
 Shock                    Conj/Air       0%         1d3       28%         1
 Slow                     Hex            0%         N/A       28%         1
 Lesser Beckoning         Tloc           0%         N/A       41%         2
 Confusing Touch          Hex            0%         N/A       65%         3
 Gell's Gravitas          Tloc           0%         N/A       65%         3
 Inner Flame              Hex/Fire       0%         N/A       65%         3
 Sigil of Binding         Hex            0%         N/A       65%         3
 Swiftness                Air            0%         N/A       65%         3
 Teleport Other           Tloc           0%         N/A       65%         3
 Vampiric Draining        Necr           0%         2d6       65%         3
 Airstrike                Air            0%         2d(0-16)  96%         4
 Flame Wave               Conj/Fire      0%         2d4       96%         4
 Sticky Flame             Conj/Fire      0%         2d3       96%         4
 Agony                    Necr           0%         N/A       100%        5


Dungeon Overview and Level Annotations

Branches:
Dungeon (5/15)             Temple (1/1) D:4

Altars:
Dithmenos
Elyvilon
Fedhas
Gozag
Hepliaklqana
Kikubaaqudgha
Makhleb
Nemelex Xobeh
Okawaru
Qazlal
Trog
Uskayaw
Vehumet
Wu Jian
Xom
Yredelemnul
Zin
The Shining One


Message History

The sleepcap releases spores at you but does no damage.
Fire: a) +0 shortbow
Press: ? - help, Q - select action, (/) - cycle Shift-Dir - straight line, f/p - sleepcap
Aim: a sleepcap (severely damaged, 98% to hit)
You shoot an arrow. The arrow hits the sleepcap!
You destroy the sleepcap!
Okawaru accepts your kill.
Fire: a) +0 shortbow
Press: ? - help, Q - select action, (/) - cycle Shift-Dir - straight line, f - iguana
Aim: an iguana (72% to hit)
You shoot an arrow. Something closely misses you.
Fire: a) +0 shortbow
Press: ? - help, Q - select action, (/) - cycle Shift-Dir - straight line, f/p - iguana
Aim: an iguana (72% to hit)
You shoot an arrow. The arrow barely misses the iguana.
You hear some strange, mumbled words.
A magic dart appears from out of thin air!
The magic dart hits you.
* * * LOW HITPOINT WARNING * * *
Fire: a) +0 shortbow
Press: ? - help, Q - select action, (/) - cycle Shift-Dir - straight line, f/p - iguana
Aim: an iguana (72% to hit)
You shoot an arrow. Okawaru accepts your kill.
Reactivating autopickup.
You feel a bit more experienced.
Fire: a) +0 shortbow
Press: ? - help, Q - select action, (/) - cycle Shift-Dir - straight line, f/p - iguana
Aim: an iguana (72% to hit)
You shoot an arrow. The arrow barely misses the iguana.
The iguana bites you!
* * * LOW HITPOINT WARNING * * *
Fire: a) +0 shortbow
Press: ? - help, Q - select action, (/) - cycle Shift-Dir - straight line, f/p - iguana
Aim: an iguana (72% to hit)
You shoot an arrow. The arrow hits the iguana!
The iguana is heavily wounded.
The iguana bites you!
You die...

.#. #... .... ..# ..#
#.########.# .
#......#...# # ..##
#####....## ###..
...!
#.l@..#...#####.)..
#..##)#######...##).#
#....# ###...)####
#.)...# ###.....#
#.###.# #.###.# #)
..# ##.# # . #^# #..#
.. ..### #.## ..
#.....###.##


You could see an iguana.

Vanquished Creatures
  A black bear (D:5)
  A bullfrog (D:5)
  A hound (D:4)
  A gnoll bouda (D:5)
  5 orc priests
  2 sleepcaps
  An iguana (D:5)
  3 orc wizards
  8 gnolls
  4 adders
  A worm (D:3)
  2 dart slugs
  8 orcs
  9 ball pythons
  5 endoplasms
  A giant cockroach (D:1)
  4 goblins
  6 hobgoblins
  3 quokkas
  4 bats
  7 frilled lizards
  4 kobolds
  7 rats
88 creatures vanquished.

Notes
Turn   | Place    | Note
-------+----------+-------------------------------------------
     0 | D:1      | BinkBink the Deep Elf Hunter began the quest for the Orb.
     0 | D:1      | Reached XP level 1. HP: 12/12 MP: 3/3
   141 | D:1      | Reached XP level 2. HP: 11/17 MP: 4/4
   337 | D:1      | Reached skill level 6 in Ranged Weapons
   592 | D:2      | Reached XP level 3. HP: 21/21 MP: 5/5
   795 | D:2      | Found an ancient bone altar of Kikubaaqudgha.
  1122 | D:3      | Reached XP level 4. HP: 23/27 MP: 6/6
  1451 | D:3      | Reached skill level 7 in Ranged Weapons
  1881 | D:4      | Identified the +2 ring mail "Esupume" {Str+5 Int-5 Dex+4
                  | Slay-6}
  1922 | D:4      | Reached XP level 5. HP: 31/32 MP: 7/7
  1962 | D:4      | Identified the +0 robe of the Soldier {Will+ Str+4}
  2105 | D:4      | Found a staircase to the Ecumenical Temple.
  2229 | D:3      | Reached skill level 8 in Ranged Weapons
  2386 | D:4      | Reached XP level 6. HP: 37/37 MP: 8/8
  2524 | D:4      | Found a sparkling altar of Nemelex Xobeh.
  2554 | Temple   | Entered the Ecumenical Temple
  2640 | Temple   | Became a worshipper of Warmaster Okawaru
  2981 | D:5      | Entered Level 5 of the Dungeon
  3026 | D:5      | Reached skill level 9 in Ranged Weapons
  3139 | D:5      | Reached XP level 7. HP: 31/42 MP: 9/9
  3185 | D:5      | Found the Hermit's Pendant {Faith Invo=14 Evo=0 MP+5}
  3211 | D:5      | Reached * piety under Okawaru
  3216 | D:5      | Reached skill level 10 in Ranged Weapons
  3230 | D:5      | HP: 1/43 [iguana (8)]
  3232 | D:5      | Mangled by an iguana

Illustrated notes

Levels and vault maps discovered:
D:1:      spicycebolla_green_bress_n_ham_2, layout_rooms,
          minmay_misc_feat_plants, minmay_misc_feat_five
D:2:      layout_basic, basic_altar
D:3:      layout_basic, grunt_ministairs_8, saegor_snake_ambush
D:4:      layout_basic, nemelex_diamond_rough_becter, temple_fountains
D:5:      layout_rooms, lemuel_crystal_altar, cheibrodos_sewer_entry_sluice,
          nicolae_figureground_sparkle
Temple:   minmay_temple_bridge_d

Skill      XL: |  1  2  3  4  5  6  7 |
---------------+----------------------+-----
Ranged Weapons | 6 7 8 9 10 | 10.2
Fighting       | 2 3 4 |  4.2
Dodging        | |  2.4
Stealth        | |  1.2

Action                     |  1- 3 |  4- 6 |  7- 9 || total
---------------------------+-------+-------+-------++-------
   Fire: Shortbow          |   117 |   155 |    33 ||   305
 Armour: Skin              |    14 |    12 |       ||    26
         Robe              |       |    11 |    11 ||    22
  Dodge: Dodged            |    20 |    41 |     7 ||    68

Table legend: (Time is in decaauts)
 A = Elapsed time spent in this place.
 B = Non-inter-level travel time spent in this place.
 C = Inter-level travel time spent in this place.
 D = Time resting spent in this place.
 E = Time spent auto-exploring this place.
 F = Levels seen in this place.
 G = Mean time per level.
                   A        B        C        D        E       F      G
               +--------+--------+--------+--------+--------+-----+--------+
         Total |   3264 |   2893 |    371 |      0 |   2295 |   6 |  544.0 |
       Dungeon |   3105 |   2891 |    214 |      0 |   2295 |   5 |  621.0 |
        Temple |    158 |      1 |    157 |      0 |      0 |   1 |  158.0 |
               +--------+--------+--------+--------+--------+-----+--------+

Top non-repeatable levels by time:
     D:3: 1095 daAuts
     D:4: 710 daAuts
     D:1: 591 daAuts
     D:2: 461 daAuts
     D:5: 246 daAuts
  Temple: 158 daAuts
